 Dungeon Crawl Stone Soup version 0.22-a0-15-g4f60a598d5 (webtiles) character file.

0 Manul the Ducker (level 1, -1/16 HPs)
             Began as a Spriggan Abyssal Knight on Jan 2, 2018.
             Was a Follower of Lugonu.
             Killed from afar by a raiju (14 damage)
             ... with a living lightning
             ... on level 4 of the Abyss.
             The game lasted 00:02:18 (428 turns).

Manul the Ducker (Spriggan Abyssal Knight)           Turns: 428, Time: 00:02:19

Health: -1/16      AC: 20    Str:  6 (8)  XL:     1   Next: 0%
Magic:  3/3        EV:  4    Int: 10 (13) God:    Lugonu [*.....]
Gold:   125        SH:  0    Dex: 13 (15) Spells: 0/0 levels left

rFire    . . .     SeeInvis +   a - +1 short sword
rCold    . . .     Gourm    .   (shield restricted)
rNeg     + + +     Faith    .   (armour currently unavailable)
rPois    +         Spirit   .   (helmet currently unavailable)
rElec    .         Reflect  .   (cloak currently unavailable)
rCorr    .         Harm     .   (gloves unavailable)
MR       .....     NoTele   +   (boots unavailable)
Stlth    +.........             (no amulet)
HPRegen  0.05/turn              (no ring)
MPRegen  0.08/turn              (no ring)

@: tree-form
A: very small, unfitting armour, see invisible, herbivore, slow metabolism 2,
[MP-powered wands]
a: Depart the Abyss, Renounce Religion


You were on level 4 of the Abyss.
You worshipped Lugonu.
Lugonu was aware of your devotion.
You were not hungry.
You were a tree.
You visited 0 branches of the dungeon, and saw 0 of its levels.
You visited the Abyss 1 time.

You collected 125 gold pieces.

Inventory:

Hand Weapons
 a - a +1 short sword (weapon)
Armour
 b - a +0 robe (melded)
Wands
 d - a wand of flame (22)
Potions
 e - a potion of degeneration
Books
 f - the Grimoire of Venom and Good Luck
   (You found it on level 2 of the Abyss)

   Spells                             Type                      Level
   a - Infusion                       Charms                       1
   b - Swiftness                      Charms/Air                   2
   c - Regeneration                   Charms/Necromancy            3
   d - Ignite Poison                  Fire/Transmutation/Poison    3
   e - Olgreb's Toxic Radiance        Poison                       4
   f - Ring of Flames                 Charms/Fire                  7
Miscellaneous
 g - a phial of floods
Comestibles
 c - a ration


   Skills:
 + Level 2.4 Fighting
 + Level 2.1 Short Blades
 + Level 3.5 Dodging
 + Level 1.7 Invocations


You couldn't memorise any spells.
You didn't know any spells.

Dungeon Overview and Level Annotations

Branches:
Dungeon (0/15)

Altars:


Innate Abilities, Weirdness & Mutations

You are very small and have problems with some larger weapons.
You are too small for most types of armour.
You have supernaturally acute eyesight. (SInv)
You are a herbivore.
((You cover ground extremely quickly.))
You need consume almost no food.
[((Armour fits poorly on your strangely shaped body.))]
[You expend magic power (3 MP) to strengthen your wands.]


Message History

Found 35 gold pieces.
Found 49 gold pieces.
Found a whip.
Found a ration.
You now have 125 gold pieces (gained 49).
You see here a whip.
A raiju comes into view.
The raiju barks!
A raiju comes into view.
It was a potion of degeneration.
There was something very wrong with that liquid.
You feel weakened.
You feel dopey.
You feel clumsy.
The raiju bursts into living lightning!
The living lightning misses you. x2; The raiju blinks! x3
It was a potion of lignification.
You turn into a tree.
Your +0 robe melds into your body.
Your roots penetrate the ground.
The raiju bursts into living lightning!
Helpless, you fail to dodge the living lightning. x2
Ouch! That really hurt!
You die...

.# . ...#.#..
###......#.#
..##.. # # . .
#..##...#... .
. ..###
.###..##..#...#
. # ...#.
#.#..#......#..
. # ##
##..##.#....
.##. .# .
..#.....## # ##
..# .#.% ..#
###.#......# ##
.
##h##..#.....#
#♣#.#......#.#
######### #..#
# #.#.. ## #


You could see a raiju.

Vanquished Creatures (others)
  2 bushes (Abyss:4)
  2 starspawn tentacles (Abyss:2)
4 creatures vanquished.

Notes
Turn   | Place    | Note
-------+----------+-------------------------------------------
     0 | Abyss:1  | Manul the Spriggan Abyssal Knight began the quest for the Orb.
     0 | Abyss:1  | Reached XP level 1. HP: 11/11 MP: 3/3
    42 | Abyss:2  | Noticed a large abomination
    53 | Abyss:2  | Noticed an apocalypse crab
    67 | Abyss:2  | Identified the Grimoire of Venom and Good Luck
    88 | Abyss:2  | Noticed a tentacled starspawn
   149 | Abyss:2  | Noticed a chaos spawn
   172 | Abyss:2  | Noticed a wolf spider simulacrum
   184 | Abyss:2  | Noticed an ancient zyme
   185 | Abyss:2  | Noticed a cacodemon
   192 | Abyss:2  | Noticed a lich
   193 | Abyss:2  | Noticed a wretched star
   212 | Abyss:2  | Noticed a chaos spawn
   223 | Abyss:2  | Noticed a ynoxinul
   234 | Abyss:2  | Noticed a balrug
   234 | Abyss:2  | Noticed a ynoxinul
   234 | Abyss:2  | Noticed a tentacled starspawn
   248 | Abyss:2  | Noticed a chaos spawn
   265 | Abyss:2  | Found a corrupted altar of Lugonu.
   272 | Abyss:2  | Noticed a tentacled starspawn
   316 | Abyss:3  | Noticed a small abomination
   333 | Abyss:4  | Found a corrupted altar of Lugonu.
   347 | Abyss:4  | Noticed an ancient zyme
   356 | Abyss:4  | Noticed a large abomination
   389 | Abyss:4  | Noticed a raiju
   399 | Abyss:4  | Noticed a raiju
   428 | Abyss:4  | Killed from afar by a raiju

Vault maps used:
Abyss:2:  minivault_1
Abyss:3:  serial_sigils_hangedman_quiver,
          due_evilmike_abyss_rune_seething_liches
Abyss:4:  onia_ninara_dug_in_and_dangerous, minivault_26,
          hangedman_decor_points, hangedman_abyss_theft,
          nicolae_abyss_rune_star_stuff

Action                   || total
-------------------------++-------
Evoke: Wand              ||     5
  Use: Potion            ||     2
       Scroll            ||     1
Dodge: Dodged            ||     5

Table legend:
 A = Spawn XP
 B = Non-spawn XP
 C = Spawn XP percentage of total XP
 D = Spawn monster count
 E = Non-spawn monster count
 F = Spawn count percentage of total count
 G = Total turns spent on level
                    A         B        C        D         E        F      G
               +---------+---------+-------+---------+---------+-------+---------
         Total |       0 |       0 |   N/A |       0 |       0 |   N/A |   428
               +---------+---------+-------+---------+---------+-------+---------
               +---------+---------+-------+---------+---------+-------+---------
